 Dungeon Crawl Stone Soup version 0.28-a0-674-gdaf460b524 (webtiles) character file.

Game seed: 471688552138268718

307 Woods the Ruffian (level 6, -1/58 HPs)
             Began as a Naga Transmuter on Oct 17, 2021.
             Killed by nerve-wracking pain
             ... invoked by Grinder
              (13 damage)
             ... on level 3 of the Dungeon.
             The game lasted 00:05:43 (3973 turns).

Woods the Ruffian (Naga Transmuter)                 Turns: 3973, Time: 00:05:43

Health: -1/58      AC:  3    Str: 12    XL:     6   Next: 40%
Magic:  7/9        EV:  9    Int: 16    God:
Gold:   93         SH:  0    Dex: 11    Spells: 3/9 levels left

rFire   . . .      SeeInvis +     - Unarmed
rCold   . . .      Faith    .   (no shield)
rNeg    . . .      Spirit   .   a - +0 robe
rPois   +          Reflect  .   (no helmet)
rElec   .          Harm     .   (no cloak)
rCorr   .          Rampage  .   (no gloves)
Will    .....                   (no barding)
Stlth   +.........              (no amulet)
HPRegen 0.19/turn               (no ring)
MPRegen 0.11/turn               (no ring)

@: short of breath, very slow
A: AC +2, large, see invisible, deformed body, poison resistance, slowness 2,
spit poison 1, naga tail 1
a: Spit Poison


You were on level 3 of the Dungeon.
You visited 1 branch of the dungeon, and saw 3 of its levels.

You collected 93 gold pieces.

Inventory:

Armour
 a - a +0 robe (worn)
Jewellery
 b - a ring of protection from fire
 f - a ring of magical power
Wands
 i - a wand of iceblast (6)
Scrolls
 c - 2 scrolls of enchant weapon
 d - 5 scrolls of identify
 e - a scroll of noise {unknown}
 g - 4 scrolls of amnesia
 h - 2 scrolls of magic mapping {unknown}
 j - a scroll of vulnerability {unknown}
 k - a scroll of holy word {unknown}


   Skills:
 + Level 4.4 Fighting
 - Level 1.5 Dodging
 + Level 5.3 Unarmed Combat
 - Level 2.0 Spellcasting
 - Level 2.0 Transmutations


You had 3 spell levels left.
You knew the following spells:

 Your Spells              Type           Power      Damage    Failure   Level
a - Beastly Appendage     Tmut           16%        N/A       9%          1
b - Wereblood             Tmut           8%         N/A       14%         2
c - Spider Form           Tmut/Pois      2%         N/A       38%         3

Your spell library contained the following spells:

 Spells                   Type           Power      Damage    Failure   Level
 Ice Form                 Ice/Tmut       4%         N/A       80%         4


Dungeon Overview and Level Annotations

Branches:
Dungeon (3/15)

Altars:
Xom

Annotations:
D:3 Grinder


Innate Abilities, Weirdness & Mutations

Your serpentine skin is tough. (AC +2)
You have supernaturally acute eyesight. (SInv)
Armour fits poorly on your strangely shaped body.
Your system is resistant to poisons. (rPois)
You cover ground very slowly.
You can spit poison.
You have a snake-like lower body.


Message History

Your +0 robe melds into your body.
Grinder says, "Mostly I couldn't keep them alive."
Grinder gestures at you.
You suddenly lose the ability to move!
Grinder gestures at you.
You shrug off the repeated paralysis!
Grinder hits you!
You writhe in agony.
Grinder hits you!
You writhe in agony.
Grinder gestures at you. Pain shoots through your body!
You can move again.
You barely miss Grinder. Grinder gestures at you. You resist with some effort.
You hit Grinder.
Grinder is poisoned.
Grinder is lightly wounded.
Grinder hits you.
You writhe in agony.
* * * LOW HITPOINT WARNING * * *
You hit Grinder.
Grinder is moderately wounded.
Grinder hits you.
* * * LOW HITPOINT WARNING * * *
You writhe in agony.
* * * LOW HITPOINT WARNING * * *
You hit Grinder but do no damage.
Grinder is heavily wounded.
Grinder closely misses you.
You bite Grinder!
Grinder is severely wounded.
Your transformation has ended.
Your +0 robe unmelds from your body.
Grinder barely misses you.
Casting: Spider Form (dangerous; 38% risk of failure)
Confirm with . or Enter, or press ? or * to list all spells.
Okay, then.
Press: ? - help, Shift-Dir - straight line, f - Grinder
Aim: Grinder (almost dead, very poisoned)
The splash of poison misses Grinder.
Grinder gestures at you. Pain shoots through your body!
You die...

##.. ...# ..... ..... #. ......
#.####...... #.#.5.......
####....## ........@# #####
####.....# #.... #.....#
#####.### #.# ##...## #........
#.# #...# ####.###.### #.# #...#
#.>......### #(#
#...######.##..#..... ...
#.............###.###
####.########...####...#...#..##.


You could see Grinder (very poisoned).

Vanquished Creatures
  Sigmund (D:3)
  Robin (D:2)
  4 gnolls (D:2)
  2 worms
  2 dart slugs
  An orc (D:3)
  4 ball pythons
  6 bats
  5 endoplasms (D:1)
  3 giant cockroaches
  17 goblins
  9 hobgoblins
  3 kobolds
  4 quokkas
  5 frilled lizards
  5 rats
72 creatures vanquished.

Notes
Turn   | Place    | Note
-------+----------+-------------------------------------------
     0 | D:1      | Woods the Naga Transmuter began the quest for the Orb.
     0 | D:1      | Reached XP level 1. HP: 18/18 MP: 3/3
   182 | D:1      | Reached XP level 2. HP: 16/25 MP: 3/5
   474 | D:1      | Learned a level 2 spell: Wereblood
   848 | D:1      | Reached XP level 3. HP: 14/32 MP: 4/6
  1108 | D:1      | Found a faded altar of an unknown god.
  1448 | D:1      | Learned a level 3 spell: Spider Form
  1983 | D:2      | Found a shimmering altar of Xom.
  2033 | D:2      | Noticed Robin
  2049 | D:2      | Reached XP level 4. HP: 25/40 MP: 4/7
  2051 | D:2      | Reached skill level 4 in Unarmed Combat
  2066 | D:2      | Killed Robin
  3105 | D:2      | Reached XP level 5. HP: 30/49 MP: 6/8
  3505 | D:3      | Noticed Sigmund
  3524 | D:3      | Killed Sigmund
  3525 | D:3      | Reached skill level 5 in Unarmed Combat
  3525 | D:3      | Reached XP level 6. HP: 32/58 MP: 5/9
  3958 | D:3      | Noticed Grinder
  3962 | D:3      | Paralysed by Grinder for 5 turns
  3973 | D:3      | Killed from afar by Grinder

Illustrated notes

Levels and vault maps discovered:
D:1:      amcnicky_arrival_gap_in_the_tavern_cellar, layout_basic,
          ebering_ecumenical_altar_hall
D:2:      layout_loops_cross, basic_altar, uniq_robin
D:3:      layout_loops_cross, dk_noncrumbling_3, hangedman_glass_teeth,
          kennysheep_generic_room_10, uniq_sigmund, uniq_grinder

Skill      XL: |  1  2  3  4  5 |
---------------+----------------+-----
Fighting       | 2 3 4 |  4.4
Unarmed Combat | 4 5 |  5.3
Dodging        | |  1.5
Spellcasting   | |  2.0
Transmutations | |  2.0

Action                   |  1- 3 |  4- 6 || total
-------------------------+-------+-------++-------
Melee: Unarmed           |   105 |    83 ||   188
       Headbutt          |    13 |     5 ||    18
       Punch             |     1 |     1 ||     2
 Cast: Beastly Appendage |    24 |    15 ||    39
       Wereblood         |     2 |       ||     2
       Spider Form       |       |     3 ||     3
 Abil: Spit Poison       |    29 |     7 ||    36
  Use: Scroll            |       |     2 ||     2
Armor: Robe              |    19 |    24 ||    43
Dodge: Dodged            |    42 |    41 ||    83

Table legend: (Time is in decaauts)
 A = Elapsed time spent in this place.
 B = Non-inter-level travel time spent in this place.
 C = Inter-level travel time spent in this place.
 D = Time resting spent in this place.
 E = Time spent auto-exploring this place.
 F = Levels seen in this place.
 G = Mean time per level.
                   A        B        C        D        E       F      G
               +--------+--------+--------+--------+--------+-----+--------+
         Total |   4467 |   4392 |     75 |   1323 |   2367 |   3 | 1489.0 |
       Dungeon |   4467 |   4392 |     75 |   1323 |   2367 |   3 | 1489.0 |
               +--------+--------+--------+--------+--------+-----+--------+

Top non-repeatable levels by time:
     D:1: 1944 daAuts
     D:2: 1830 daAuts
     D:3: 693 daAuts
